 Dungeon Crawl Stone Soup version 0.29.0 (webtiles) character file.

Game seed: 14664831749476158381

234690 Zeldest the Brawler (level 18, -12/236 HPs)
             Began as a Troll Delver on Aug 24, 2022.
             Was the Champion of Cheibriados.
             Mangled by an ettin
             ... wielding a +0 dire flail of holy wrath
              (18 damage)
             ... on level 5 of the Vaults.
             The game lasted 02:00:01 (14418 turns).

Zeldest the Brawler (Troll Delver)                 Turns: 14418, Time: 02:00:01

Health: -12/236    AC: 31    Str: 39    XL:     18   Next: 45%
Magic:  25/25      EV:  9    Int: 37    God:    Cheibriados [******]
Gold:   1049       SH: 20    Dex: 25    Spells: 7/25 levels left

rFire   + . .      SeeInvis +     - Unarmed
rCold   + . .      Faith    .   C - +1 kite shield {rN+}
rNeg    + + .      Spirit   .   (body armour currently unavailable)
rPois   ∞          Reflect  +   D - +0 mask of the Dragon {Will+ Slay+3 SInv}
rElec   +          Harm     .   r - +1 cloak of Foosko Dohot {Int+6}
rCorr   .          Rampage  .   (gloves unavailable)
Will    ++...                   (boots unavailable)
Stlth   +++.......              P - amulet of reflection
HPRegen 1.29/turn               w - ring of protection from fire
MPRegen 0.19/turn               J - ring of protection from cold

@: mighty, statue-form, very slow
A: slow and powerful, torment resistance 1, boosted hp, large, unfitting armour,
claws 3, regeneration 1, (shaggy fur 1), (tough skin 1), clever 1, noise
suppression
}: 2/15 runes: decaying, gossamer
a: End Transformation, Renounce Religion, Bend Time, Temporal Distortion,
Slouch, Step From Time


You were on level 5 of the Vaults.
You worshipped Cheibriados.
Cheibriados was exalted by your worship.
You were a living statue of rough stone.
You visited 8 branches of the dungeon, and saw 34 of its levels.
You also visited: Sewer, Bailey and Volcano.

You collected 3828 gold pieces.
You spent 2779 gold pieces at shops.

Inventory:

Hand Weapons
 i - the +8 whip "Snakebite" {venom, curare, rPois}
   (You took it off Amaemon on level 1 of the Lair of Beasts)

   It poisons the flesh of those it strikes.
   It occasionally inflicts asphyxiating poison on those it strikes, dealing
   poison damage and causing slowness.
   rPois:     It protects you from poison.
Armour
 r - the +1 cloak of Foosko Dohot (worn) {Int+6}
   (You found it on level 6 of the Dungeon)

   Int:       It affects your intelligence (+6).
 C - a +1 kite shield of positive energy (worn)
 D - the +0 mask of the Dragon (worn) {Will+ Slay+3 SInv}
   (You found it on level 4 of the Spider Nest)

   Slay:      It affects your accuracy & damage with ranged weapons and melee
   (+3).
   SInv:      It lets you see invisible.
   Will:      It increases your willpower.
 G - a +0 troll leather armour (melded)
Jewellery
 c - a ring of flight
 e - a ring of see invisible
 v - a ring of poison resistance
 w - a ring of protection from fire (left claw)
 I - a ring of resist corrosion
 J - a ring of protection from cold (right claw)
 P - an amulet of reflection (around neck)
 R - the ring "Violl" {rCorr Int+2}
   (You found it on level 5 of the Vaults)

   [ring of resist corrosion]

   Int:       It affects your intelligence (+2).
   rCorr:     It protects you from acid and corrosion.
Wands
 f - a wand of digging (7)
 h - a wand of roots (4)
 k - a wand of polymorph (10)
 m - a wand of charming (8)
 q - a wand of mindburst (2)
Scrolls
 a - 4 scrolls of fog
 b - 5 scrolls of teleportation
 d - 6 scrolls of fear
 g - 3 scrolls of immolation
 o - 4 scrolls of blinking
 s - 2 scrolls of noise
 A - a scroll of torment
 F - 2 scrolls of poison
 K - 4 scrolls of identify
 L - 2 scrolls of amnesia
 N - 2 scrolls of enchant armour
Potions
 j - 6 potions of curing
 l - 4 potions of resistance
 n - 5 potions of cancellation
 p - 3 potions of flight
 t - a potion of attraction
 u - 2 potions of might
 x - 6 potions of brilliance
 z - 3 potions of ambrosia
 B - 3 potions of lignification
 E - 4 potions of mutation
 M - a potion of heal wounds
 Q - a potion of berserk rage
Miscellaneous
 y - a tin of tremorstones (2/2)
 H - a condenser vane


   Skills:
 + Level 12.2 Fighting
 + Level 4.1 Armour
 - Level 1.5 Dodging
 - Level 2.7 Stealth
 + Level 11.9 Shields
 + Level 15.8 Unarmed Combat
 - Level 4.0 Spellcasting
 - Level 3.2 Conjurations
 - Level 2.2 Necromancy
 - Level 11.2 Transmutations
 + Level 12.3 Earth Magic
 + Level 10.9 Invocations


You had 7 spell levels left.
You knew the following spells:

 Your Spells              Type           Power      Damage    Failure   Level
a - Statue Form           Tmut/Erth      50%        N/A       9%          6
b - Wereblood             Tmut           74%        N/A       1%          2
e - Irradiate             Conj/Tmut      28%        3d21      10%         5
f - Borgnjor's Vile Clut  Necr/Erth      28%        N/A       10%         5

Your spell library contained the following spells:

 Spells                   Type           Power      Damage    Failure   Level
 Beastly Appendage        Tmut           100%       N/A       1%          1
 Spider Form              Tmut/Pois      49%        N/A       1%          3
 Petrify                  Tmut/Erth      76%        N/A       1%          4
 Blade Hands              Tmut           37%        N/A       1%          5
 Lee's Rapid Deconstruct  Erth           39%        3d20*     1%          5
 Necrotise                Necr           92%        1d8       2%          1
 Sublimation of Blood     Necr           23%        N/A       4%          2
 Ignite Poison            Fire/Tmut/Pois 35%        N/A       4%          3
 Freeze                   Ice            28%        1d5       7%          1
 Ice Form                 Ice/Tmut       49%        N/A       7%          4
 Vampiric Draining        Necr           23%        2d7       9%          3
 Poisonous Vapours        Pois/Air       14%        N/A       11%         2
 Alistair's Intoxication  Tmut/Pois      32%        N/A       19%         5
 Frozen Ramparts          Ice            14%        1d3       21%         3
 Ozocubu's Armour         Ice            7%         N/A       21%         3
 Portal Projectile        Hex/Tloc       14%        N/A       21%         3
 Tukima's Dance           Hex            7%         N/A       21%         3
 Fulminant Prism          Conj/Hex       9%         3d7       34%         4
 Hailstorm                Conj/Ice       19%        3d6       34%         4
 Iskenderun's Mystic Bla  Conj/Tloc      19%        2d6       34%         4
 Corpse Rot               Necr/Pois/Air  12%        N/A       45%         4
 Iskenderun's Battlesphe  Conj           31%        2d8       45%         5
 Summon Ice Beast         Ice/Summ       7%         N/A       56%         4
 Agony                    Necr           23%        N/A       61%         5
 Fireball                 Conj/Fire      9%         3d6       69%         5
 Eringya's Noxious Bog    Tmut/Pois      24%        N/A       71%         6
 Metabolic Englaciation   Hex/Ice        3%         N/A       88%         5
 Summon Mana Viper        Hex/Summ       7%         N/A       88%         5
 Conjure Ball Lightning   Conj/Air       9%         3x3d6     99%         6
 Monstrous Menagerie      Summ           3%         N/A       100%        7
 Orb of Destruction       Conj           15%        9d7       100%        7
 Ozocubu's Refrigeration  Ice            3%         4d8       100%        7
 Necromutation            Tmut/Necr      27%        N/A       100%        8
 Chain Lightning          Conj/Air       9%         3d12      100%        9
 Fire Storm               Conj/Fire      9%         8d3       100%        9
 Shatter                  Erth           39%        3d31*     100%        9


Dungeon Overview and Level Annotations

Branches:
Dungeon (14/15)            Temple (1/1) D:6            Lair (5/5) D:11
  Swamp (4/4) Lair:2       Spider (4/4) Lair:3        Slime (2/5) Lair:4
    Orc (2/2) D:9             Elf (0/3) Orc:2        Vaults (5/5) D:14
  Sewer (visited)          Bailey (visited)         Volcano (visited)
  Crypt: Vaults:2-3

Altars:
Ashenzari
Cheibriados
Elyvilon
Gozag
Hepliaklqana
Makhleb
Qazlal
Ru
Sif Muna
Uskayaw
Wu Jian
Zin
Jiyva
Lugonu

Shops:
D:5 ?   D:12 *   Orc:2 :=*=

Portals:
Abyss: Lair:5

Annotations:
D:4 Dowan, Edmund
D:13 exclusion: obsidian statue
Spider:3 exclusions: jumping spider and wolf spider
Spider:4 exclusions: entropy weaver and redback


Innate Abilities, Weirdness & Mutations

You are a living statue of rough stone.
Your actions are slow, but your melee attacks are powerful.
You are resistant to unholy torment.
Your maximum health is greatly increased.
You are immune to poison.
Your equipment is partially melded.
You are too large for most types of armour.
You have claws for hands.
Your natural rate of healing is unusually fast.
((You are covered in fur. (AC +1)))
((You have tough skin. (AC +1)))
Your mind is acute. (Int +4, Str/Dex -1)
You passively dampen the noise of your surroundings.


Message History

The vault guard is recalled.
The orc knight is recalled.
The vault guard is recalled.
The ettin is recalled.
You block the ironbound convoker's attack.
A vault guard comes into view. It is wielding a +0 vampiric halberd.
An orc knight comes into view. It is wielding a +0 halberd.
The vault guard hits you with a glowing great mace.
A vault guard comes into view. It is wielding a +0 great sword.
The vault warden hits you with a war axe!
You block the ironbound convoker's attack.
The orc knight completely misses you.
The vault guard hits you with a glowing great mace.
You block the vault warden's attack.
The vault warden hits you with a war axe!
The vault guard hits you but does no damage.
You block the ettin's attack.
The ettin hits you with a glowing dire flail.
The vault guard hits you from afar with a +0 vampiric halberd!!
* * * LOW HITPOINT WARNING * * *
The orc knight roars a battlecry!
The orc warrior goes into a battle-frenzy!
A vault warden, a vault guard, an ettin and an orc warrior come into view.
The ettin is wielding a +0 dire flail of holy wrath and a +1 vorpal dire flail.
Items here: )))) [[[ †.
You eviscerate the vault guard!!!!
You kill the vault guard!
Cheibriados thoroughly appreciates the change of pace.
The ettin barely misses you. The ettin hits you but does no damage.
The vault guard hits you from afar with a +0 vampiric halberd!
* * * LOW HITPOINT WARNING * * *
You block the vault guard's attack. You block the orc knight's attack.
The vault warden hits you with a +0 war axe!
* * * LOW HITPOINT WARNING * * *
The vault guard hits you but does no damage. x2
You block the vault warden's attack.
The ironbound convoker hits you but does no damage.
The orc knight closely misses you.
The ettin hits you with a +0 dire flail of holy wrath!!
* * * LOW HITPOINT WARNING * * *
The ettin hits you with a +1 vorpal dire flail!!
You die...

......................
......................
#######################.
..... .................
#... #.....##....##.. #..
#...# ##..####.
##..####...####..## #.
..##...p##p....##....##..
.....}oC8po....).........
..##..†p##.....##....##..
##..####†..####..## . #..
#...# #..# #... #.....#
....# ...##
..........##... .##.
#.##.....##. .##. . #...
#....p##....# ) ....... :


You could see a vault warden, 2 vault guards, an orc knight, an ettin, an
ironbound convoker (catching breath) and an orc warrior (strong).

Vanquished Creatures
  Saint Roka (Orc:2)
  Jorgrun (D:13)
  3 titans (Vaults:5)
  An acid blob (Slime:2)
  2 sphinxes
  2 shadow dragons (Vaults:5)
  A tengu reaver (Vaults:5)
  A storm dragon (Vaults:5)
  A rockslime (Slime:1)
  An iron dragon (Vaults:5)
  An azure jelly (Slime:1)
  3 emperor scorpions
  4 vault wardens
  5 ghost moths
  7 ironbound preservers
  7 very ugly things
  2 stone giants
  4 ironbound thunderhulks
  5 dire elephants
  2 bunyips
  2 entropy weavers
  3 spark wasps
  6 ettins
  The ghost of Veudig the Severer, a journeyman HOFi of Dithmenos (Orc:1)
  Josephine (Orc:2)
  A deep elf high priest (Vaults:5)
  3 great orbs of eyes
  A jorogumo (Spider:3)
  A ghost crab (Swamp:1)
  5 yaktaur captains
  5 boulder beetles
  5 radroaches
  10 vault guards
  6 ironbound frosthearts
  14 hydras
  Erica (Orc:1)
  7 centaur warriors
  2 alligators (Swamp:4)
  A two-headed ogre (D:12)
  A deep troll earth mage (Vaults:5)
  A tengu warrior (D:13)
  4 thrashing horrors (Lair:5)
  4 orc high priests (Orc:2)
  Amaemon (Lair:1)
  5 skeletal warriors
  5 goliath frogs
  2 pharaoh ants
  4 steelbarb worms
  A glowing orange brain (Vaults:1)
  A spriggan druid (Swamp:4)
  4 bog bodies
  21 deep trolls
  A wizard (Vaults:4)
  5 swamp dragons
  10 ironbound convokers
  2 anaconda skeletons (Volcano)
  A phantasmal warrior (Vaults:4)
  5 harpies
  5 lindwurms
  6 orc knights
  3 deep elf pyromancers
  4 oklob plants (Lair:4)
  4 orc sorcerers
  12 ugly things
  A manticore (D:11)
  A will-o-the-wisp (Swamp:3)
  10 wolf spiders
  3 moths of wrath
  12 elephants
  4 cyclopes
  A moth of wrath (shapeshifter) (Vaults:4)
  3 black mambas
  A smoke demon (Lair:5)
  An eye of devastation (Slime:2)
  5 cane toads
  An orange demon (Lair:1)
  10 vault sentinels
  6 gargoyles
  2 torpor snails
  A rime drake (Lair:1)
  An unseen horror (D:11)
  10 komodo dragons
  2 kobold demonologists (D:12)
  14 yaktaurs
  3 demonic crawlers
  9 trolls
  2 ancient zymes (Lair:5)
  6 polar bears
  6 meliai
  17 tarantellas
  A tyrant leech (Swamp:2)
  2 harpy skeletons (Volcano)
  A hornet (Swamp:3)
  Prince Ribbit (Bailey)
  44 blink frogs
  A large abomination (Lair:5)
  24 slime creatures
  9 small abominations (Lair:5)
  17 culicivoras
  A slime creature (shapeshifter) (Vaults:5)
  14 jumping spiders
  A flying skull (Volcano)
  2 centaur simulacra (D:14)
  A culicivora (shapeshifter) (D:14)
  2 spriggans
  4 ynoxinuls (Lair:5)
  3 shadows (D:11)
  3 wyverns
  4 humans (Bailey)
  5 wraiths
  A chaos spawn (Lair:5)
  An alligator skeleton (Volcano)
  14 yaks
  25 redbacks
  5 basilisks
  3 steam dragons
  11 vampire mosquitoes
  6 swamp worms
  An acid dragon (D:8)
  5 wargs
  8 water moccasins
  Duvessa (D:4)
  4 swamp drakes (Swamp:4)
  An ice beast (D:8)
  A meliai simulacrum (D:14)
  17 ogres
  8 black bears
  37 orc warriors
  5 sky beasts
  19 wolves
  4 boggarts (Vaults:1)
  4 centaurs
  5 kobold brigands
  21 bullfrogs
  A necrophage (D:8)
  2 gnoll sergeants
  6 scorpions
  A water moccasin zombie (D:4)
  5 wights
  12 killer bees
  2 spriggan skeletons (Volcano)
  2 troll skeletons (Volcano)
  6 howler monkeys
  2 jellies (D:6)
  3 hounds
  29 orc priests
  12 human skeletons (Vaults:4)
  12 orc wizards
  An iguana (D:6)
  5 hell rats (Lair:4)
  2 hound zombies (D:4)
  2 naga skeletons (Volcano)
  9 adders
  9 gnolls
  3 river rats (Sewer)
  A shadow imp (D:8)
  An ufetubus (D:5)
  An adder zombie (D:4)
  2 worms
  91 orcs
  4 ball pythons
  2 giant cockroaches (Lair:3)
  4 hobgoblins
  11 kobolds
  A quokka (D:4)
  5 frilled lizards (Sewer)
  3 goblins (Bailey)
  9 rats (Sewer)
981 creatures vanquished.

Vanquished Creatures (collateral kills)
  A vault warden (Vaults:5)
  A vault sentinel (Vaults:5)
  A yaktaur (Vaults:5)
  2 killer bees (D:9)
5 creatures vanquished.

Vanquished Creatures (others)
  A yaktaur (Vaults:2)
  A killer bee (D:9)
  An orc (Orc:2)
  2 foxfires (Swamp:3)
  23 fungi
  19 plants
47 creatures vanquished.

Grand Total: 1033 creatures vanquished

Notes
Turn   | Place    | Note
-------+----------+-------------------------------------------
     0 | D:5      | Zeldest the Troll Delver began the quest for the Orb.
     0 | D:5      | Reached XP level 1. HP: 22/22 MP: 0/0
    21 | D:5      | Noticed an orc wizard
    48 | D:5      | Killed an orc wizard
    49 | D:5      | Reached skill level 3 in Unarmed Combat
    49 | D:5      | Reached XP level 2. HP: 25/29 MP: 1/1
    79 | D:5      | Reached XP level 3. HP: 27/37 MP: 2/2
    90 | D:5      | Noticed a black bear
   102 | D:5      | Killed a black bear
   103 | D:5      | Reached skill level 4 in Unarmed Combat
   103 | D:5      | Reached XP level 4. HP: 27/45 MP: 3/3
   103 | D:5      | Reached XP level 5. HP: 31/53 MP: 4/4
   153 | D:5      | Found a glowing drain.
   167 | Sewer    | Entered a sewer
   456 | D:4      | Reached skill level 5 in Unarmed Combat
   477 | D:4      | Reached skill level 1 in Invocations
   477 | D:4      | Reached XP level 6. HP: 60/62 MP: 5/5
   512 | D:4      | Found a hazy altar of Hepliaklqana.
   526 | D:4      | Noticed Edmund
   564 | D:5      | Found Dinat's Magic Scroll Emporium.
   611 | D:5      | Found a glowing silver altar of Zin.
   624 | D:4      | Noticed Duvessa
   624 | D:4      | Noticed Dowan
   630 | D:4      | Killed Duvessa
   638 | D:5      | Found a hide-covered altar of Uskayaw.
   716 | D:6      | Identified the +1 cloak of Foosko Dohot {Int+6}
   723 | D:6      | Found an ornate altar of the Wu Jian Council.
   789 | D:6      | Reached skill level 6 in Unarmed Combat
   789 | D:6      | Reached XP level 7. HP: 34/70 MP: 7/7
   896 | D:5      | Bought a scroll of blinking for 112 gold pieces
   923 | D:6      | Found a staircase to the Ecumenical Temple.
   973 | Temple   | Entered the Ecumenical Temple
   985 | Temple   | Became a worshipper of Cheibriados the Contemplative
  1067 | D:6      | Reached skill level 7 in Unarmed Combat
  1121 | D:7      | Reached XP level 8. HP: 66/79 MP: 9/9
  1227 | D:7      | Reached skill level 5 in Fighting
  1262 | D:7      | Reached skill level 8 in Unarmed Combat
  1275 | D:7      | Gained mutation: You passively dampen the noise of your
                  | surroundings. [potion of mutation]
  1275 | D:7      | Gained mutation: Your mind is acute. (Int +4, Str/Dex -1)
                  | [potion of mutation]
  1353 | D:7      | Reached * piety under Cheibriados
  1428 | D:8      | Reached XP level 9. HP: 85/88 MP: 11/11
  1437 | D:8      | Noticed a cyclops
  1447 | D:8      | Killed a cyclops
  1448 | D:8      | Reached skill level 9 in Unarmed Combat
  1460 | D:8      | Reached skill level 5 in Invocations
  1469 | D:8      | Noticed a deep elf pyromancer
  1485 | D:8      | Killed a deep elf pyromancer
  1502 | D:8      | Reached skill level 10 in Unarmed Combat
  1611 | D:8      | Noticed a gargoyle
  1713 | D:8      | Reached ** piety under Cheibriados
  1753 | D:8      | Killed a gargoyle
  1754 | D:8      | Reached XP level 10. HP: 57/100 MP: 13/13
  1813 | D:8      | Noticed a cyclops
  1830 | D:8      | Killed a cyclops
  1864 | D:8      | Found a flagged portal.
  1873 | Bailey   | Entered a bailey
  1897 | Bailey   | Reached skill level 11 in Unarmed Combat
  1958 | Bailey   | Reached skill level 1 in Shields
  1962 | Bailey   | Reached *** piety under Cheibriados
  1992 | Bailey   | Noticed Prince Ribbit
  1992 | Bailey   | Noticed a vault guard
  2000 | Bailey   | Noticed a vault guard
  2031 | Bailey   | Killed a vault guard
  2131 | Bailey   | Killed Prince Ribbit
  2142 | Bailey   | Killed a vault guard
  2221 | D:8      | Reached skill level 12 in Unarmed Combat
  2447 | D:9      | Reached XP level 11. HP: 85/109 MP: 15/15
  2553 | D:9      | Found a stormy altar of Qazlal.
  2731 | D:9      | Found a staircase to the Orcish Mines.
  2734 | D:9      | Reached **** piety under Cheibriados
  2928 | D:9      | Learned a level 1 spell: Beastly Appendage
  2931 | D:9      | Learned a level 2 spell: Wereblood
  2976 | Orc:1    | Entered Level 1 of the Orcish Mines
  2984 | Orc:1    | Noticed Erica
  3018 | D:10     | Entered Level 10 of the Dungeon
  3480 | D:11     | Reached ***** piety under Cheibriados
  3481 | D:11     | Reached skill level 1 in Transmutations
  3503 | D:11     | Found a staircase to the Lair.
  3699 | D:11     | Noticed a boulder beetle
  3718 | D:11     | Killed a boulder beetle
  3719 | D:11     | Reached skill level 1 in Spellcasting
  3731 | D:11     | Identified a scroll of acquirement
  3732 | D:11     | Acquired 999 gold pieces
  3882 | Lair:1   | Entered Level 1 of the Lair of Beasts
  3922 | Lair:1   | Identified the +10 spear "Aged" {vamp, Dex+2}
  4189 | Lair:1   | Reached XP level 12. HP: 122/122 MP: 14/17
  4208 | Lair:1   | Noticed Amaemon
  4225 | Lair:1   | Killed Amaemon
  4226 | Lair:1   | Reached skill level 5 in Shields
  4226 | Lair:1   | Reached skill level 13 in Unarmed Combat
  4399 | Lair:2   | Found an opulent altar of Gozag.
  4423 | Lair:2   | Found a staircase to the Swamp.
  4658 | Lair:3   | Found a dark tunnel.
  4666 | Volcano  | Entered a volcano
  4730 | Volcano  | Reached ****** piety under Cheibriados
  5171 | Lair:3   | Reached XP level 13. HP: 120/131 MP: 14/18
  5517 | Lair:4   | Found a viscous altar of Jiyva.
  5577 | Lair:5   | Entered Level 5 of the Lair of Beasts
  5665 | Lair:5   | Learned a level 5 spell: Blade Hands
  5713 | Lair:5   | Reached skill level 14 in Unarmed Combat
  5713 | Lair:5   | Reached skill level 5 in Transmutations
  5984 | Lair:5   | Reached skill level 10 in Invocations
  6208 | Lair:5   | Reached skill level 10 in Fighting
  6329 | Lair:5   | Identified the +4 falchion of Xorr {flame, *Noise Fly rCorr
                  | Dex+5}
  6417 | Lair:5   | Reached skill level 1 in Earth Magic
  6430 | Lair:5   | Reached XP level 14. HP: 86/143 MP: 16/20
  6441 | Lair:5   | Found a corrupted altar of Lugonu.
  6443 | Lair:5   | Found a one-way gate to the infinite horrors of the Abyss.
  6644 | Lair:4   | Found a staircase to the Slime Pits.
  6718 | Lair:3   | Found a hole to the Spider Nest.
  6962 | Orc:1    | Killed Erica
  7167 | Orc:2    | Entered Level 2 of the Orcish Mines
  7205 | Orc:2    | Found Seacrik's Jewellery Boutique.
  7219 | Orc:2    | Found Fool's Assorted Antiques.
  7252 | Orc:2    | Bought a shiny kite shield for 202 gold pieces
  7307 | Orc:2    | Bought a ring of see invisible for 225 gold pieces
  7665 | Orc:2    | Noticed Saint Roka
  7724 | Orc:2    | Killed Saint Roka
  7764 | Orc:2    | Found Zoxzos's Jewellery Shoppe.
  7802 | Orc:2    | Found Wetujurgh's Book Boutique.
  7823 | Orc:2    | Bought a book of Sloth for 468 gold pieces
  7823 | Orc:2    | Bought a book of Alchemy for 364 gold pieces
  7830 | Orc:2    | Learned a level 6 spell: Statue Form
  7830 | Orc:2    | Bought the Compendium of the Mutable Arsonist for 598 gold
                  | pieces
  7857 | Orc:2    | Noticed Josephine
  7867 | Orc:2    | Killed Josephine
  8043 | Orc:2    | Reached skill level 5 in Earth Magic
  8107 | Orc:1    | Found a runed translucent door.
  8111 | Orc:1    | Noticed Veudig's ghost (journeyman HOFi)
  8123 | Orc:1    | Killed Veudig's ghost
  8287 | D:12     | Found Zin's Purification Station.
  8289 | D:12     | Found a glowing silver altar of Zin.
  8767 | D:13     | Reached XP level 15. HP: 152/152 MP: 14/21
  8827 | D:13     | Noticed Jorgrun
  8838 | D:13     | Killed Jorgrun
  9473 | Orc:2    | Bought a ring of resist corrosion for 360 gold pieces
  9473 | Orc:2    | Bought a ring of protection from cold for 450 gold pieces
  9630 | Swamp:1  | Entered Level 1 of the Swamp
  9886 | Swamp:4  | Entered Level 4 of the Swamp
  9978 | Swamp:4  | Reached skill level 10 in Shields
 10001 | Swamp:4  | Got a decaying rune of Zot
 10132 | Spider:1 | Entered Level 1 of the Spider Nest
 10535 | Spider:1 | Noticed an emperor scorpion
 10548 | Spider:1 | Killed an emperor scorpion
 10626 | Spider:2 | Reached XP level 16. HP: 161/161 MP: 17/22
 10781 | Spider:2 | Learned a level 5 spell: Irradiate
 10792 | Spider:2 | Identified the +6 dagger "Honathy" {protect, rElec rCorr
                  | Int+2}
 10858 | Spider:2 | Reached skill level 10 in Transmutations
 10869 | Spider:2 | Learned a level 5 spell: Borgnjor's Vile Clutch
 10973 | Spider:3 | Reached skill level 1 in Conjurations
 11181 | Spider:3 | Reached skill level 10 in Earth Magic
 11235 | Spider:4 | Entered Level 4 of the Spider Nest
 11425 | Spider:4 | Found the +0 mask of the Dragon {Will+ Slay+3 SInv}
 11443 | Spider:4 | Got a gossamer rune of Zot
 11876 | Slime:1  | Entered Level 1 of the Pits of Slime
 11907 | Slime:2  | Noticed an acid blob
 11917 | Slime:2  | Killed an acid blob
 11918 | Slime:2  | Noticed an acid blob
 12166 | D:14     | Found a gate to the Vaults.
 12176 | Vaults:1 | Entered Level 1 of the Vaults
 12287 | Vaults:1 | Reached XP level 17. HP: 170/170 MP: 9/23
 12754 | Vaults:1 | Reached skill level 1 in Necromancy
 13150 | Vaults:3 | You fall into a shaft and drop 1 floor!
 13185 | Vaults:4 | Identified the +1 plate armour "Nycouppi" {rElec}
 13354 | Vaults:4 | Reached skill level 15 in Unarmed Combat
 13769 | Vaults:4 | Reached skill level 1 in Armour
 13985 | Vaults:4 | Reached XP level 18. HP: 182/182 MP: 24/24
 14187 | Vaults:4 | Upgraded the game from 0.29-b1-12-g9e2288ab2a to 0.29.0
 14188 | Vaults:5 | Entered Level 5 of the Vaults
 14205 | Vaults:5 | Identified the ring "Violl" {rCorr Int+2}
 14274 | Vaults:5 | Identified the +2 dagger of Fate {drain, rN+ Str+9}
 14418 | Vaults:5 | HP: 6/236 [ettin/+0 dire flail of holy wrath (32)]
 14418 | Vaults:5 | Mangled by an ettin

Illustrated notes

Levels and vault maps discovered:
D:4:      layout_basic, fedhas_altar_decomposition, nzn_hepliaklqana_mist_gate,
          serial_undead, serial_undead_f, serial_undead_a, serial_undead_d,
          serial_undead_b, uniq_natasha, uniq_edmund, uniq_duvessa
D:5:      layout_loops_cross, lemuel_crystal_altar,
          mainiacjoe_overflow_chevrons, cheibrodos_sewer_entry_bend,
          serial_shops, nicolae_take_the_stairs
D:6:      layout_basic, mainiacjoe_overflow_brackets, amcnicky_altar_gilded,
          minmay_temple_entry_ruins
D:7:      layout_rooms
D:8:      minmay_ornate_pinched, layout_loops_cross, enter_bailey_2
D:9:      layout_layer_cave, kennysheep_little_box, david_orc_5,
          hangedman_misty_isle
D:10:     layout_roguey, wad_floor_pattern_2, minmay_misc_feat_doors
D:11:     layout_roguey, grunt_lair_entry_orc_guard_hut
D:12:     layout_roguey, zin_purify
D:13:     layout_loops_cross, minmay_statue_bubble, uniq_jorgrun
D:14:     layout_roguey, david_vaults_4, serial_corexii_hall,
          chequers_hall_statues_wall_a, corexii_hall_statues_l,
          kennysheep_generic_room_14
Temple:   hc_temple_tempest_star
Lair:1:   layout_long_grid, uniq_amaemon
Lair:2:   layout_regular_city, minmay_swamp_entry_swarm, basic_altar
Lair:3:   layout_gridlike, nicolae_spider_entry_non_spiders,
          lightli_volcano_entry_magma_tube
Lair:4:   layout_small_grid, minmay_slime_entry_oklob_open, grunt_megastairs_1
Lair:5:   hellmonk_lair_end_abyssal_woods, layout_cave_shapes
Swamp:1:  layout_falls_marsh, evilmike_swamp_ruin_rubble_2, uniq_mlioglotl
Swamp:2:  layout_basic_swamp, evilmike_swamp_ruin_house_1, swamp_pool1,
          nicolae_swamp_little_swirl
Swamp:3:  layout_basic_swamp, evilmike_swamp_ruin_house_6, swamp_pool4,
          infiniplex_staircase_pool
Swamp:4:  swamp_alternative, layout_basic_swamp
Spider:1: layout_spider_delve
Spider:2: layout_spider_delve, nicolae_spider_cling_halls
Spider:3: layout_spider_delve, hangedman_spider_tarantella_strand
Spider:4: grunt_spider_rune_parallel, spiders_nest_the_unseen
Slime:1:  layout_caves
Slime:2:  layout_caves
Orc:1:    layout_caves, hellmonk_ghost_happy_afterlife, uniq_erica
Orc:2:    pubby_orc_utopia, uniq_josephine
Vaults:1: v_misc_2, grunt_vaults_hallway_long, ontoclasm_vaults_chip,
          ontoclasm_vaults_fault, nicolae_vaults_alarming, v_misc_32,
          ontoclasm_vaults_idyll, hangedman_vaults_slice,
          nicolae_vaults_display_case, vaults_room_door_ring,
          layout_vaults_omnigrid
Vaults:2: ontoclasm_vaults_gateway, st_hourglassy, nicolae_vaults_circle_grid_b,
          v_pattern_1, vaults_dpeg_spiral, hangedman_vaults_river_flow,
          v_misc_30, v_misc_18, v_misc_24, vaults_room_stairs_pillars,
          vaults_room_semicircle, nicolae_vaults_big_angled_halls, v_misc_28,
          ontoclasm_vaults_spin, vaults_room_pool, layout_vaults_maze_bifur
Vaults:3: st_star, vaults_standard_mumra_x, hangedman_vaults_capsules,
          minmay_crypt_entry_simple_sparse, v_misc_22, vaults_mumra_hexcomb,
          vaults_room_fours, layout_vaults_big_room, serial_shops, shop
Vaults:4: dpeg_vaults_monster_row, vaults_room_corners,
          nicolae_vaults_little_squares_1, nicolae_vaults_network_star,
          ontoclasm_vaults_twist, hangedman_vaults_stagger,
          nicolae_vaults_circle_grid_a, vaults_standard_mumra_lines,
          vaults_room_octagon, dpeg_vaults_monster_box,
          vaults_room_hangedman_quadrants, v_misc_25,
          vaults_room_stairs_pillars, layout_vaults_omnibox
Vaults:5: serial_shops

Skill      XL: |  1  2  3  4  5  6  7  8  9 10 11 12 13 14 15 16 17 18 |
---------------+-------------------------------------------------------+-----
Unarmed Combat | 3 4 5 6 7 8 10 12 13 14 15 | 15.8
Fighting       | 3 4 5 6 7 8 9 10 11 12 | 12.2
Invocations    | 1 2 3 4 5 7 8 9 10 | 10.9
Shields        | 2 4 6 8 9 10 11 | 11.9
Transmutations | 2 4 5 7 9 11 | 11.2
Spellcasting   | 2 3 4 |  4.0
Earth Magic    | 1 6 9 11 12 | 12.3
Conjurations   | 3 |  3.2
Necromancy     | 2 |  2.2
Armour         | 2 4 |  4.1
Dodging        | |  1.5
Stealth        | |  2.7

Action                   |  1- 3 |  4- 6 |  7- 9 | 10-12 | 13-15 | 16-18 || total
-------------------------+-------+-------+-------+-------+-------+-------++-------
Melee: Unarmed           |    22 |   102 |   208 |   548 |   836 |   545 ||  2261
       Punch             |       |     2 |     5 |       |    29 |     8 ||    44
       Kick              |       |       |       |    75 |   168 |       ||   243
       Headbutt          |       |       |       |    40 |    90 |       ||   130
       Whip              |       |       |       |       |    18 |       ||    18
 Cast: Beastly Appendage |       |       |       |    24 |    50 |       ||    74
       Wereblood         |       |       |       |    26 |    43 |    16 ||    85
       Blade Hands       |       |       |       |       |     7 |       ||     7
       Statue Form       |       |       |       |       |    32 |    68 ||   100
       Borgnjor's Vile C |       |       |       |       |       |    10 ||    10
       Irradiate         |       |       |       |       |       |    11 ||    11
Invok: Slouch            |       |       |       |       |     6 |     3 ||     9
       Step From Time    |       |       |       |       |       |     1 ||     1
 Abil: End Transformatio |       |       |       |       |       |     3 ||     3
Evoke: Wand              |       |       |       |    16 |     9 |     2 ||    27
  Use: Scroll            |     1 |       |     9 |     9 |     9 |     6 ||    34
       Potion            |     1 |       |     4 |     4 |     4 |    13 ||    26
 Stab: Sleeping          |       |    12 |     2 |     2 |    13 |     9 ||    38
       Distracted        |       |     1 |       |     2 |       |     1 ||     4
       Invisible         |       |       |       |     5 |     2 |     8 ||    15
       Confused          |       |       |       |       |     1 |       ||     1
Armor: Robe              |     6 |    29 |    70 |    24 |       |       ||   129
       Steam dragon scal |       |       |       |   103 |   126 |       ||   229
       Troll leather arm |       |       |       |       |    74 |     2 ||    76
       Skin              |       |       |       |       |   213 |   615 ||   828
Dodge: Dodged            |     7 |    48 |    76 |   278 |   548 |   569 ||  1526
Block: Kite shield       |       |       |    13 |   305 |   490 |   534 ||  1342
       Reflection        |       |       |       |       |       |    27 ||    27
